 Dungeon Crawl Stone Soup version 0.19.0-20-gbc5f0c6 (webtiles) character file.

58 Malachi the Insei (level 3, 0/26 HPs)
             Began as a Demonspawn Transmuter on Nov 17, 2016.
             Slain by an adder (3 damage)
             ... on level 2 of the Dungeon.
             The game lasted 00:03:18 (3379 turns).

Malachi the Insei (Demonspawn Transmuter)           Turns: 3379, Time: 00:03:19

Health: 0/26       AC:  4    Str: 10    XL:     3   Next: 76%
Magic:  6/6        EV: 12    Int: 15    God:
Gold:   102        SH:  0    Dex: 13    Spells: 2 memorised, 3 levels left

rFire  . . .     SeeInvis .       - Unarmed
rCold  . . .     Gourm    .     b - +0 robe
rNeg   . . .     Faith    .     (no shield)
rPois  .         Spirit   .     (no helmet)
rElec  .         Reflect  .     (no cloak)
rCorr  .         Harm     .     (no gloves)
MR     .....                    (no boots)
Stlth  +.........               (no amulet)
                                (no ring)
                                (no ring)

@: no status effects
A: molten scales 1
a: no special abilities


You were on level 2 of the Dungeon.
You were not hungry.

You visited 1 branch of the dungeon, and saw 2 of its levels.

You collected 102 gold pieces.

Inventory:

Missiles
 a - 34 arrows
 s - 6 javelins (quivered)
Armour
 b - a +0 robe (worn)
 p - a +0 helmet
Jewellery
 f - a cursed ring of teleportation {unknown}
Scrolls
 j - a scroll of noise {unknown}
 l - 3 scrolls of fog {unknown}
 n - a scroll of blinking {unknown}
 o - 2 scrolls of immolation {unknown}
 r - a scroll of identify {unknown}
Potions
 e - 2 potions of heal wounds {unknown}
 g - a potion of lignification {unknown}
 k - a potion of might {unknown}
 m - 2 potions of berserk rage {unknown}
 q - a potion of agility {unknown}
 t - a potion of degeneration {unknown}
Books
 c - a book of Changes

   Spells                             Type                      Level
   a - Beastly Appendage              Transmutation                1
   b - Sticks to Snakes               Transmutation                2
   c - Spider Form                    Transmutation/Poison         3
   d - Ice Form                       Ice/Transmutation            4
   e - Blade Hands                    Transmutation                5
Comestibles
 d - 2 bread rations
 h - 3 meat rations


   Skills:
 + Level 1.1 Fighting
 + Level 2.2 Dodging
 + Level 0.6 Stealth
 + Level 3.2 Unarmed Combat
 + Level 2.3 Spellcasting
 + Level 2.3 Transmutations


You had 3 spell levels left.
You knew the following spells:

 Your Spells              Type           Power        Failure   Level  Hunger
a - Beastly Appendage     Tmut           #.....       12%         1    #......
b - Sticks to Snakes      Tmut           #.......     14%         2    ###....


Dungeon Overview and Level Annotations

Branches:
Dungeon (2/15)

Altars:
Okawaru
Trog


Innate Abilities, Weirdness & Mutations

You are partially covered in molten scales. (AC +2)


Message History

The adder is severely wounded.
The adder bites you but does no damage.
You closely miss the adder.
The adder is severely wounded.
The adder closely misses you. The adder misses you.
You miss the adder.
The adder is severely wounded.
The adder closely misses you.
You barely miss the adder.
The adder is severely wounded.
The adder barely misses you.
You miss the adder.
The adder is severely wounded.
Your horns disappear.
The adder bites you.
* * * LOW HITPOINT WARNING * * *
You closely miss the adder.
The adder is severely wounded.
The adder barely misses you. The adder bites you.
You die...

##### # #...# #
#[##...##########
#.###......'........#
......##...########.#
......##...# #.#
#.S@...# #.# #..#####
#.# #.. #.# ..$.
##########.# .....
#........#.# # ######
#........#.####
#............#.
##########.#...
#.#<#.


You could see an adder.

Vanquished Creatures
  An adder (D:2)
  2 worms (D:2)
  2 giant cockroaches
  9 hobgoblins
  6 jackals (D:1)
  3 kobolds
  A quokka (D:2)
  4 bats (D:1)
  A frilled lizard (D:1)
  7 goblins
36 creatures vanquished.

Vanquished Creatures (others)
  A kobold (D:2)
1 creature vanquished.

Grand Total: 37 creatures vanquished

Notes
Turn   | Place    | Note
-------+----------+-------------------------------------------
     0 | D:1      | Malachi the Demonspawn Transmuter began the quest for the Orb.
     0 | D:1      | Reached XP level 1. HP: 15/15 MP: 3/3
   618 | D:1      | Gained mutation: You are partially covered in molten scales. (AC +2) [demonic ancestry]
   618 | D:1      | Reached XP level 2. HP: 21/21 MP: 3/5
  1532 | D:1      | Reached skill level 3 in Unarmed Combat
  2277 | D:2      | Found an iron altar of Okawaru.
  2338 | D:2      | Reached XP level 3. HP: 17/26 MP: 6/6
  2551 | D:2      | Learned a level 2 spell: Sticks to Snakes
  2953 | D:2      | Found a bloodstained altar of Trog.
  3379 | D:2      | Slain by an adder

Skill      XL: |  1  2 |
---------------+-------+-----
Transmutations | 2 |  2.3
Dodging        | 2 |  2.2
Unarmed Combat | 3 |  3.2
Fighting       | |  1.1
Stealth        | |  0.6
Spellcasting   | |  2.3

Action                   || total
-------------------------++-------
Melee: Unarmed           ||   216
       Headbutt          ||    16
       Kick              ||    14
       Punch             ||     2
 Cast: Beastly Appendage ||    20
  Eat: Chunk             ||     7
       Beef jerky        ||     1
Armor: Robe              ||    74
Dodge: Dodged            ||   156
